 Dungeon Crawl Stone Soup version 0.28-a0-556-gab23d0e057 (webtiles) character file.

Game seed: 11255485113126814844

37576 robertstho the Eclecticist (level 14, -4/99 HPs)
             Began as a Djinni Fire Elementalist on Sept 28, 2021.
             Was an Initiate of Gozag.
             Slain by a catoblepas (12 damage)
             ... while petrified by a catoblepas
             ... on level 5 of the Lair of Beasts.
             The game lasted 00:36:36 (27369 turns).

robertstho the Eclecticist (DjFE)                  Turns: 27369, Time: 00:36:36

Health: -4/99      AC:  8    Str:  7    XL:     14   Next: 29%
Gold:   533        EV:  2    Int: 21    God:    Gozag SH:  0 Dex: 15

rFire   + + +      SeeInvis .   L - +5 scythe "Finisher" {speed, eviscerate}
rCold   x x .      Faith    .   (shield currently unavailable)
rNeg    + + +      Spirit   .   s - +2 robe {Will+}
rPois   ∞          Reflect  .   (no helmet)
rElec   .          Harm     .   M - +2 cloak
rCorr   .          Rampage  .   a - +0 pair of gloves of a Billion Realms {Stlth+}
Will    ++...                   (boots unavailable)
Stlth   ++++......              (no amulet)
HPRegen 0.26/turn               k - ring of fire
MPRegen 0.00/turn               (no ring)

@: petrified, flying
A: sickness immunity, fire resistance 2, cold vulnerability 1, float, innate
caster, hp casting, extra vitality 1
a: Renounce Religion, Potion Petition, Call Merchant, Bribe Branch


You were on level 5 of the Lair of Beasts.
You worshipped Gozag.
Gozag was pleased with you.
You visited 3 branches of the dungeon, and saw 19 of its levels.
You also visited: Bailey.

You collected 3915 gold pieces.
You spent 2489 gold pieces at shops.
You paid 893 gold pieces to Gozag.

Inventory:

Hand Weapons
 o - a +1 short sword of electrocution
 K - the +9 spear "Oduetwy" {flame, *Slow Will++ Str-4 Int+8}
   (You bought it in a shop on level 6 of the Dungeon)

   It burns those it strikes, dealing additional fire damage.
   Str:       It affects your strength (-4).
   Int:       It affects your intelligence (+8).
   *Slow:     It may slow you when you take damage.
   Will:      It greatly increases your willpower.
 L - the +5 scythe "Finisher" (weapon) {speed, eviscerate}
   (You bought it in a shop on level 6 of the Dungeon)

   Attacks with this weapon are significantly faster.
   It may eviscerate those it strikes, slaying them instantly, with a decreasing
   chance against stronger foes.
Armour
 a - the +0 pair of gloves of a Billion Realms (worn) {Stlth+}
   (You found it on level 9 of the Dungeon)

   Stlth:     It makes you more stealthy.
 s - a +2 robe of willpower (worn)
 A - a +2 buckler
 M - a +2 cloak (worn)
Jewellery
 k - a ring of fire (left hand)
Wands
 n - a wand of charming (7)
 w - a wand of acid (5)
 x - a wand of polymorph (7)
 y - a wand of digging (5)
 C - a wand of paralysis (26)
Scrolls
 c - 6 scrolls of immolation
 d - 4 scrolls of silence
 e - 4 scrolls of enchant weapon
 g - 3 scrolls of enchant armour
 j - 2 scrolls of brand weapon
 l - 2 scrolls of fear
 q - 2 scrolls of magic mapping
 u - 5 scrolls of identify
 v - 2 scrolls of vulnerability
 E - a scroll of teleportation
 I - a scroll of blinking
Potions
 b - 7 potions of lignification
 f - a potion of ambrosia
 h - 5 potions of brilliance
 i - 2 potions of attraction
 r - a potion of berserk rage
 t - a potion of resistance
 B - 2 potions of might
 D - 8 potions of haste
 F - a potion of heal wounds
 G - 2 potions of curing
 H - a potion of mutation


   Skills:
 * Level 8.4 Fighting
 + Level 1.9 Short Blades
 + Level 5.8 Dodging
 + Level 5.0 Stealth
 * Level 16.1 Spellcasting
 + Level 0.7 Evocations


You had 13 spell levels left.
You knew the following spells:

 Your Spells              Type           Power      Damage    Failure   Level
a - Foxfire               Conj/Fire      100%       2x1d9     0%          1
b - Scorch                Fire           100%       2d10      0%          2
c - Conjure Flame         Conj/Fire      91%        6-21      0%          3
d - Inner Flame           Hex/Fire       91%        N/A       0%          3
e - Flame Wave            Conj/Fire      91%        3d15      1%          4
f - Freeze                Ice            100%       1d11      0%          1
g - Slow                  Hex            71%        N/A       0%          2
h - Ozocubu's Armour      Ice            71%        N/A       0%          3
i - Petrify               Tmut/Erth      71%        N/A       1%          4
j - Sticky Flame          Conj/Fire      91%        2d10      1%          4
k - Metabolic Englaciati  Hex/Ice        35%        N/A       1%          5
Your spell library was empty.

Dungeon Overview and Level Annotations

Branches:
Dungeon (13/15)            Temple (1/1) D:7            Lair (5/6) D:10
  Swamp (0/4) Lair:3        Snake (0/4) Lair:3          Orc (0/2) D:9
 Bailey (visited)
  Slime: Lair:5-6    Vaults: D:13-14

Altars:
Ashenzari
Cheibriados
Dithmenos
Elyvilon
Fedhas
Gozag
Hepliaklqana
Kikubaaqudgha
Makhleb
Nemelex Xobeh
Okawaru
Qazlal
Ru
Sif Muna
Trog
Uskayaw
Vehumet
Wu Jian
Xom
Yredelemnul
Zin
The Shining One

Shops:
D:6 (!

Annotations:
D:4 1 runed translucent door, Pooter's ghost, amateur MiBe
D:6 Sigmund
D:8 2 runed translucent doors, Squid's ghost, novice HOBe
Lair:4 4 runed translucent doors, poop123's ghost, journeyman MiMo


Innate Abilities, Weirdness & Mutations

You are immune to sickness and miasma.
You are immune to poison.
Your flesh is very heat resistant. (rF++)
You are vulnerable to cold. (rC-)
You float through the air rather than walking.
You learn spells naturally, not from books.
Your magical power is your life essence.
You have superior vitality. (+4 HP)


Message History

Confirm with . or Enter, or press ? or * to list all spells.
Casting: Flame Wave (safe; 1% risk of failure)
Press: ? - help, Dir - look around, f - activate You feel a surge of power!
A wave of flame ripples out!
The flame wave engulfs the catoblepas!
The catoblepas is heavily wounded. (Press . to intensify the flame waves.)
You hear a roar!
The catoblepas breathes a plume of calcifying dust at you.
The blast of calcifying dust hits you.
A wave of flame ripples out!
The flame wave engulfs the catoblepas!!
The catoblepas is severely wounded.
The flame wave engulfs the cane toad!!
You kill the cane toad!
You are engulfed in calcifying dust.
You are slowing down.
The catoblepas gores you.
A wave of flame ripples out!
The flame wave engulfs the catoblepas!
The catoblepas is almost dead.
The flame wave engulfs the bush but does no damage.
You finish channelling waves of flame.
You are engulfed in calcifying dust.
Your limbs have turned to stone.
The catoblepas gores you!!
* * * LOW HITPOINT WARNING * * *
You have turned to stone.
You are engulfed in calcifying dust.
The catoblepas is distracted by your dazzling golden aura.
You are engulfed in calcifying dust.
The catoblepas is no longer distracted by gold.
The catoblepas completely misses you. The catoblepas gores you!
* * * LOW HITPOINT WARNING * * *
The catoblepas gores you!
* * * LOW HITPOINT WARNING * * *
The catoblepas gores you!
* * * LOW HITPOINT WARNING * * *
The catoblepas gores you.
* * * LOW HITPOINT WARNING * * *
The catoblepas gores you!!
You die...
Your body crumbles into a pile of gold.

... #... ...
#...
P.####... .
#.#....## ..
#......#...
##....#....
#..<....# $
#..Y.$.##
##.@...#
#$.$...#
....$....#
#....##...P#
#....#
...P## .#...
P.... #.#.
...... .#..
...$.###


You could see a catoblepas.

Vanquished Creatures
  Snorg (D:13)
  A boulder beetle (Lair:3)
  6 hydras
  A catoblepas (Lair:2)
  4 two-headed ogres
  A deep elf pyromancer (D:12)
  A wolf spider (D:13)
  An orc knight (Bailey)
  3 cyclopes
  An ugly thing (D:9)
  2 elephants (Lair:2)
  2 manticores
  A guardian serpent (Lair:3)
  3 black mambas (Lair:2)
  A torpor snail (Lair:2)
  15 cane toads
  Psyche (D:11)
  A kobold demonologist (D:9)
  7 komodo dragons
  2 unseen horrors
  2 trolls (D:11)
  2 polar bears
  A hornet (D:7)
  11 blink frogs
  9 spriggans (Lair:1)
  A shadow (D:12)
  4 wraiths
  5 wyverns
  14 yaks
  Eustachio (D:6)
  5 vampire mosquitoes
  2 basilisks (Lair:2)
  A steam dragon (D:9)
  13 water moccasins
  7 orc warriors
  A sky beast (D:7)
  4 black bears
  3 ogres
  5 centaurs
  11 wolves
  A boggart (shapeshifter) (D:9)
  2 kobold brigands
  11 bullfrogs
  Blork the orc (D:6)
  2 scorpions
  A wyvern zombie (D:8)
  2 water moccasin zombies
  10 killer bees
  4 howler monkeys
  17 wights
  An electric eel (Lair:4)
  5 centaur zombies
  A hound (D:6)
  4 orc priests
  A jelly (D:6)
  A gnoll shaman (D:6)
  7 orc wizards
  3 iguanas
  A hound zombie (D:5)
  A hound skeleton (D:4)
  2 howler monkey zombies
  11 gnolls
  7 adders
  3 shadow imps
  An adder skeleton (D:4)
  A worm (D:4)
  A dart slug (D:3)
  42 orcs
  2 bats
  5 endoplasms
  3 giant cockroaches
  8 hobgoblins
  10 jackals
  4 quokkas
  6 ball pythons
  3 frilled lizards
  11 goblins
  32 kobolds
  5 rats
  2 bushes
392 creatures vanquished.

Vanquished Creatures (collateral kills)
  13 foxfires (Lair:4)
13 creatures vanquished.

Vanquished Creatures (others)
  841 foxfires
  24 fungi
  23 plants
888 creatures vanquished.

Grand Total: 1293 creatures vanquished

Notes
Turn   | Place    | Note
-------+----------+-------------------------------------------
     0 | D:1      | robertstho the Djinni Fire Elementalist began the quest for
                  | the Orb.
     0 | D:1      | Reached XP level 1. HP: 15/15 MP: 0/0
   496 | D:1      | Reached XP level 2. HP: 19/21 MP: 0/0
   524 | D:1      | Found a faded altar of an unknown god.
  1198 | D:2      | Reached skill level 3 in Spellcasting
  1198 | D:2      | Reached XP level 3. HP: 17/26 MP: 0/0
  1198 | D:2      | Learned a level 1 spell: Freeze
  2112 | D:2      | Found a burning altar of Makhleb.
  2342 | D:3      | Reached XP level 4. HP: 26/31 MP: 0/0
  2366 | D:3      | Reached skill level 1 in Fighting
  2366 | D:3      | Reached skill level 4 in Spellcasting
  2366 | D:3      | Reached XP level 5. HP: 3/37 MP: 0/0
  2366 | D:3      | Learned a level 2 spell: Slow
  3386 | D:3      | Reached XP level 6. HP: 28/42 MP: 0/0
  3653 | D:4      | Noticed an ogre
  3661 | D:4      | Killed an ogre
  4250 | D:4      | Noticed Pooter's ghost (amateur MiBe)
  4253 | D:4      | Found a runed translucent door.
  4384 | D:4      | Reached skill level 5 in Spellcasting
  4384 | D:4      | Reached XP level 7. HP: 36/49 MP: 0/0
  4384 | D:4      | Learned a level 3 spell: Ozocubu's Armour
  4833 | D:5      | Entered Level 5 of the Dungeon
  5437 | D:5      | Reached skill level 6 in Spellcasting
  5437 | D:5      | Reached XP level 8. HP: 46/55 MP: 0/0
  5925 | D:6      | Noticed Blork the orc
  5935 | D:6      | Killed Blork the orc
  6055 | D:6      | Noticed Eustachio
  6062 | D:6      | Killed Eustachio
  6295 | D:6      | Found Jaurafei's Distillery.
  6303 | D:6      | Bought a potion of brilliance for 52 gold pieces
  6303 | D:6      | Bought a potion of degeneration for 13 gold pieces
  6303 | D:6      | Bought a potion of lignification for 39 gold pieces
  6303 | D:6      | Bought a potion of curing for 39 gold pieces
  6303 | D:6      | Bought a potion of heal wounds for 65 gold pieces
  6303 | D:6      | Bought a potion of might for 52 gold pieces
  6396 | D:6      | Reached skill level 7 in Spellcasting
  6686 | D:6      | Noticed Sigmund
  7333 | D:7      | Reached XP level 9. HP: 52/60 MP: 0/0
  7333 | D:7      | Learned a level 4 spell: Petrify
  7432 | D:7      | Reached skill level 8 in Spellcasting
  7649 | D:7      | Noticed a hornet
  7653 | D:7      | Killed a hornet
  8135 | D:7      | Found a glowing silver altar of Zin.
  8529 | D:7      | Identified the +2 leather armour of Gehenna {Harm Str-5
                  | Dex+6}
  8755 | D:7      | Found a staircase to the Ecumenical Temple.
  8863 | Temple   | Entered the Ecumenical Temple
  8912 | Temple   | Became a worshipper of Gozag Ym Sagoz the Greedy
  8974 | D:8      | Reached skill level 9 in Spellcasting
  9223 | D:8      | Found a large runed translucent door.
  9225 | D:8      | Found a large runed translucent door.
  9232 | D:8      | Noticed Squid's ghost (novice HOBe)
  9329 | D:8      | Noticed a manticore
  9337 | D:8      | Killed a manticore
  9338 | D:8      | Reached XP level 10. HP: 22/67 MP: 0/0
 10386 | D:8      | Found a stormy altar of Qazlal.
 10394 | D:8      | Identified the +0 pair of boots of Linerph {rC++}
 10561 | D:9      | Found a staircase to the Orcish Mines.
 10796 | D:9      | Reached skill level 10 in Spellcasting
 10914 | D:9      | Noticed a kobold demonologist
 10920 | D:9      | Killed a kobold demonologist
 10954 | D:9      | Noticed a cyclops
 10962 | D:9      | Killed a cyclops
 10971 | D:9      | Noticed a brown ugly thing
 11313 | D:9      | Reached skill level 11 in Spellcasting
 11467 | D:9      | Identified the +0 pair of gloves of a Billion Realms
                  | {Stlth+}
 11860 | D:10     | Entered Level 10 of the Dungeon
 11961 | D:10     | Reached XP level 11. HP: 65/74 MP: 0/0
 11961 | D:10     | Learned a level 4 spell: Sticky Flame
 11971 | D:10     | Found a flagged portal.
 11981 | Bailey   | Entered a bailey
 12006 | Bailey   | Noticed an orc knight
 12010 | Bailey   | Reached skill level 5 in Fighting
 12023 | Bailey   | Killed an orc knight
 12535 | Bailey   | Identified the +0 plate armour "Kimaov" {Str+5 Stlth-}
 12646 | D:10     | Found a staircase to the Lair.
 12793 | D:10     | Noticed a two-headed ogre
 12805 | D:10     | Killed a two-headed ogre
 12932 | D:9      | Killed a brown ugly thing
 12933 | D:9      | Reached skill level 12 in Spellcasting
 13189 | D:10     | Found a sparkling altar of Nemelex Xobeh.
 13197 | D:10     | Found a snail-covered altar of Cheibriados.
 13411 | D:10     | Noticed a two-headed ogre
 13423 | D:10     | Killed a two-headed ogre
 13610 | D:10     | Found a basalt altar of Yredelemnul.
 13982 | D:10     | Found a sacrificial altar of Ru.
 14471 | D:11     | Noticed a two-headed ogre
 14485 | D:11     | Killed a two-headed ogre
 14838 | D:11     | Noticed a two-headed ogre
 14850 | D:11     | Killed a two-headed ogre
 15061 | D:11     | Reached XP level 12. HP: 55/83 MP: 0/0
 15337 | D:11     | Noticed Psyche
 15344 | D:11     | Killed Psyche
 15345 | D:11     | Reached skill level 13 in Spellcasting
 16053 | D:12     | Noticed an eight-headed hydra
 16061 | D:12     | Killed an eight-headed hydra
 16763 | D:12     | Noticed a skeletal warrior
 16766 | D:12     | Noticed a skeletal warrior
 16766 | D:12     | Noticed a death knight
 17079 | D:13     | Found a broken altar of Ashenzari.
 17091 | D:13     | Noticed Snorg
 17109 | D:13     | Killed Snorg
 17743 | Lair:1   | Entered Level 1 of the Lair of Beasts
 18161 | Lair:1   | Reached skill level 14 in Spellcasting
 18913 | Lair:1   | Reached XP level 13. HP: 70/90 MP: 0/0
 18913 | Lair:1   | Learned a level 5 spell: Metabolic Englaciation
 19250 | Lair:1   | Reached skill level 1 in Short Blades
 19734 | Lair:1   | Identified the +8 trident "Gevecris" {flame, rC- Str+4
                  | Int+3 Stlth-}
 19796 | D:9      | Identified the +7 flail "Fisowkiq" {protect, Str-4 Int+5
                  | Dex+6}
 20315 | Lair:2   | Noticed a catoblepas
 20321 | Lair:2   | Killed a catoblepas
 20565 | Lair:2   | Reached skill level 5 in Dodging
 22012 | Lair:2   | Reached skill level 15 in Spellcasting
 22229 | Lair:2   | Noticed a seven-headed hydra
 22234 | Lair:2   | Killed a seven-headed hydra
 22630 | Lair:2   | Noticed a five-headed hydra
 22635 | Lair:2   | Killed a five-headed hydra
 22651 | Lair:2   | Noticed an eight-headed hydra
 23478 | Lair:2   | Noticed a six-headed hydra
 23481 | Lair:2   | Killed a six-headed hydra
 23894 | Lair:3   | Found a staircase to the Swamp.
 23939 | Lair:3   | Found a staircase to the Snake Pit.
 24311 | Lair:3   | Noticed a boulder beetle
 24760 | Lair:3   | Killed a boulder beetle
 24761 | Lair:3   | Reached XP level 14. HP: 62/98 MP: 0/0
 25778 | D:6      | Bought 2 potions of haste for 260 gold pieces
 25778 | D:6      | Bought a potion of haste for 130 gold pieces
 25778 | D:6      | Bought a potion of heal wounds for 65 gold pieces
 25778 | D:6      | Bought a potion of haste for 130 gold pieces
 25778 | D:6      | Bought a potion of curing for 39 gold pieces
 25778 | D:6      | Bought a potion of curing for 39 gold pieces
 25780 | D:6      | Bought a faintly glowing broad axe for 243 gold pieces
 25780 | D:6      | Identified the +1 broad axe of Defiance {venom, rPois} (You
                  | bought it in a shop on level 6 of the Dungeon)
 25780 | D:6      | Bought a slimy spear for 216 gold pieces
 25780 | D:6      | Identified the +9 spear "Oduetwy" {flame, *Slow Will++
                  | Str-4 Int+8} (You bought it in a shop on level 6 of the
                  | Dungeon)
 25780 | D:6      | Bought the +5 scythe "Finisher" {speed, eviscerate} for
                  | 1107 gold pieces
 25780 | D:6      | Found the +5 scythe "Finisher" {speed, eviscerate}
 26399 | Lair:4   | Reached skill level 16 in Spellcasting
 26730 | Lair:4   | Found a runed translucent door.
 26844 | Lair:4   | Found a runed translucent gate.
 26845 | Lair:4   | Found a runed translucent gate.
 26846 | Lair:4   | Found a runed translucent gate.
 26882 | Lair:4   | Noticed poop123's ghost (journeyman MiMo)
 27358 | Lair:5   | Reached skill level 5 in Stealth
 27369 | Lair:5   | Slain by a catoblepas

Illustrated notes

Levels and vault maps discovered:
D:1:      roderic_chinese_lattice_arrival, layout_loops_ring,
          hellmonk_ecumenical_altar_arch_garden
D:2:      layout_rooms, basic_altar, serial_rivers,
          chequers_serial_rivers_micro_a, chequers_serial_rivers_micro_e,
          chequers_serial_rivers_large_a, chequers_serial_rivers_micro_e,
          grunt_ministairs_7
D:3:      layout_basic
D:4:      layout_basic, mainiacjoe_overflow_alcove_4,
          hellmonk_ghost_happy_afterlife, interstate_on_off
D:5:      layout_loops_cross, fiery_altar_vehumet
D:6:      layout_basic, serial_shops, shop, small_statue_intersection,
          grunt_ministairs_5, serial_park_tiny_pond, moated_statue,
          chequers_serial_rivers_marsh, uniq_eustachio, uniq_blork_the_orc,
          uniq_sigmund
D:7:      layout_basic, pf_just_have_faith, temple_hall,
          hangedman_decor_riveting
D:8:      layout_layer_cave, nicolae_overflow_hidden_temple,
          ebering_ghost_disaster_area
D:9:      kennysheep_blocky_room, layout_long_grid, david_orc_2, st_stairs_13
D:10:     layout_stronghold, mainiacjoe_overflow_large_starburst,
          nicolae_ru_path_of_blood, mainiacjoe_overflow_24_doors,
          lair_entry_dummy, enter_bailey_5
D:11:     layout_gridville, uniq_psyche
D:12:     layout_gridville, serial_rivers, chequers_serial_rivers_room_a,
          chequers_serial_rivers_room_b, chequers_serial_rivers_micro_c,
          chequers_serial_rivers_micro_e, chequers_serial_rivers_small_a,
          corexii_leaking_fountain
D:13:     layout_long_grid, cheibrodos_ashenzari_chains, uniq_snorg
Temple:   zaba_magenta_temple
Lair:1:   kb_forest_paths, layout_regular_city, st_stairs_13
Lair:2:   nzn_winding_woodlands_large [nzn_winding_woodlands_5x5_perimeter,
          nzn_winding_woodlands_5x15_jagged, nzn_winding_woodlands_5x5_default,
          nzn_winding_woodlands_center_lodge,
          nzn_winding_woodlands_15x15_killbox,
          nzn_winding_woodlands_center_pierced_h,
          nzn_winding_woodlands_5x5_cross, nzn_winding_woodlands_5x15_sawtooth,
          nzn_winding_woodlands_5x5_open_star], layout_layer_cave
Lair:3:   layout_regular_city, swamp_mist_pool, minmay_snake_entry_spellcaster,
          lemuel_fruit_tree
Lair:4:   gammafunk_mikee_crab_dinner, layout_regular_city,
          gammafunk_ghost_necromancy, serial_bayou_shore_a
Lair:5:   layout_concentric_octagons, minmay_slime_entry_pillars,
          chequers_serial_rivers_small_b, chequers_serial_rivers_micro_d,
          lemuel_oklob_altar, uniq_urug

Skill      XL: |  1  2  3  4  5  6  7  8  9 10 11 12 13 14 |
---------------+-------------------------------------------+-----
Spellcasting   | 3 4 5 6 7 9 11 12 14 15 16 | 16.1
Fighting       | 1 2 3 4 6 7 8 |  8.4
Stealth        | 2 3 4 5 |  5.0
Dodging        | 3 4 5 |  5.8
Short Blades   | 1 |  1.9
Evocations     | |  0.7

Action                   |  1- 3 |  4- 6 |  7- 9 | 10-12 | 13-15 || total
-------------------------+-------+-------+-------+-------+-------++-------
Melee: Unarmed           |     2 |       |       |       |       ||     2
       Short sword       |       |     5 |     4 |    19 |    33 ||    61
       Trident           |       |     4 |       |       |       ||     4
       Scythe            |       |       |       |       |     1 ||     1
 Cast: Foxfire           |    83 |    64 |   118 |   159 |    60 ||   484
       Scorch            |       |    14 |    75 |   123 |    58 ||   270
       Flame Wave        |       |       |     8 |    53 |    53 ||   114
       Petrify           |       |       |       |    12 |    18 ||    30
       Conjure Flame     |       |       |       |       |     1 ||     1
Invok: Call Merchant     |       |       |       |       |     1 ||     1
Evoke: Wand              |       |       |       |    10 |       ||    10
  Use: Scroll            |       |     3 |       |    14 |     8 ||    25
       Potion            |       |       |       |     6 |     1 ||     7
 Stab: Sleeping          |       |       |     1 |     2 |     1 ||     4
Armor: Robe              |       |     2 |     7 |    51 |    26 ||    86
Dodge: Dodged            |     7 |    21 |    22 |    91 |    87 ||   228
Block: Buckler           |       |       |       |       |     3 ||     3

Table legend: (Time is in decaauts)
 A = Elapsed time spent in this place.
 B = Non-inter-level travel time spent in this place.
 C = Inter-level travel time spent in this place.
 D = Time resting spent in this place.
 E = Time spent auto-exploring this place.
 F = Levels seen in this place.
 G = Mean time per level.
                   A        B        C        D        E       F      G
               +--------+--------+--------+--------+--------+-----+--------+
         Total |  27406 |  26166 |   1240 |   4031 |  19181 |  20 | 1370.3 |
       Dungeon |  17542 |  16694 |    848 |   1938 |  12870 |  13 | 1349.4 |
        Temple |     62 |     49 |     13 |      0 |     40 |   1 |   62.0 |
          Lair |   9218 |   8841 |    377 |   1834 |   6080 |   5 | 1843.6 |
        Bailey |    582 |    582 |      0 |    259 |    191 |   1 |  582.0 |
               +--------+--------+--------+--------+--------+-----+--------+

Top non-repeatable levels by time:
  Lair:2: 3468 daAuts
  Lair:1: 3134 daAuts
     D:8: 1912 daAuts
     D:6: 1766 daAuts
    D:12: 1567 daAuts
    D:10: 1455 daAuts
     D:7: 1453 daAuts
     D:3: 1418 daAuts
     D:9: 1397 daAuts
    D:11: 1396 daAuts
  Lair:3: 1331 daAuts
  Lair:4: 1263 daAuts
     D:4: 1193 daAuts
     D:1: 1135 daAuts
     D:5: 1097 daAuts
